 Dungeon Sprint DCSS version 0.29-a0-330-g52719c12eb (webtiles) character file.

Game seed: 5206088789225633321

10412 jt the Imperceptible (level 11, -35/96 HPs)
             Began as a Naga Enchanter on Apr 30, 2022.
             Was a High Priest of Okawaru.
             Killed from afar by a deep elf annihilator (90 damage)
             ... with a crystal spear
             ... in the Dungeon (Sprint I: "Red Sonja").
             The game lasted 00:17:16 (3138 turns).

jt the Imperceptible (Naga Enchanter)               Turns: 3138, Time: 00:17:17

Health: -35/96     AC:  8    Str: 12    XL:     11   Next: 61%
Magic:  23/25      EV: 14    Int: 15    God:    Okawaru [*****.]
Gold:   455        SH:  0    Dex: 15    Spells: 25/30 levels left

rFire   + . .      SeeInvis +   a - +6 short sword of the Mouth {drain, rF+ rN+ rCorr}
rCold   . . .      Faith    .   (no shield)
rNeg    + . .      Spirit   .   b - +0 robe
rPois   +          Reflect  .   (no helmet)
rElec   .          Harm     .   n - +2 cloak {Stlth+}
rCorr   +          Rampage  .   (no gloves)
Will    +....      NoTele   +   (no barding)
Stlth   ++++++++++              (no amulet)
HPRegen 0.26/turn               (no ring)
MPRegen 0.19/turn               (no ring)

@: heroic, mesmerised, very slow
A: AC +3, large, see invisible, deformed body, poison resistance, slowness 2,
spit poison 1, naga tail 1
a: Spit Poison, Renounce Religion, Heroism, Finesse


You were in the Dungeon.
You worshipped Okawaru.
Okawaru was extremely pleased with you.
You visited 1 branch You collected 2143 gold pieces.
You spent 1688 gold pieces at shops.

Inventory:

Hand Weapons
 a - the +6 short sword of the Mouth (weapon) {drain, rF+ rN+ rCorr}
   (You bought it in a shop in the Dungeon)

   A truly terrible weapon, it drains the life of any living foe it strikes.
   rF:        It protects you from fire.
   rN:        It protects you from negative energy.
   rCorr:     It protects you from acid and corrosion.
 h - a +0 shortbow
 i - a +0 longbow
 l - a +0 scythe
 o - a +1 short sword of distortion
 r - a +0 hand crossbow
 A - a +1 dagger
Missiles
 c - 5 boomerangs (quivered)
 f - 4 silver javelins
 p - 5 curare-tipped darts
 q - 3 poisoned darts
 s - 4 atropa-tipped darts
 u - 5 javelins
 w - 33 stones
Armour
 b - a +0 robe (worn)
 j - the +1 ring mail "Rucaaz" {Fly rCorr Str+3 Int-5}
   (Okawaru gifted it to you in the Dungeon)

   Str:       It affects your strength (+3).
   Int:       It affects your intelligence (-5).
   Fly:       It grants you flight.
   rCorr:     It protects you from acid and corrosion.
 k - a +1 ring mail of poison resistance
 n - a +2 cloak of stealth (worn)
 v - +0 fire dragon scales
Scrolls
 m - 2 scrolls of silence
 x - 2 scrolls of blinking
 z - 3 scrolls of vulnerability
 D - 2 scrolls of immolation
 E - a scroll of amnesia
 G - a scroll of torment
 K - a scroll of fear
Potions
 d - 5 potions of curing
 e - a potion of heal wounds
 g - 2 potions of magic
 t - a potion of lignification
 B - a potion of attraction
 C - a potion of resistance
 H - a potion of haste
 I - a potion of brilliance


   Skills:
 + Level 5.4(10.4) Fighting
 + Level 7.1(12.1) Short Blades
 - Level 6.0(11.0) Throwing
 + Level 4.9(9.9) Dodging
 + Level 21.8(26.8) Stealth
 - Level 10.0 Spellcasting
 - Level 11.0 Hexes
 - Level 10.5 Ice Magic
 + Level 9.7 Invocations
 - Level 7.7 Evocations


You had 25 spell levels left.
You knew the following spells:

 Your Spells              Type           Power      Damage    Failure   Level
a - Ensorcelled Hibernat  Hex/Ice        78%        N/A       1%          2
b - Dazzling Flash        Conj/Hex       48%        N/A       3%          3

Your spell library contained the following spells:

 Spells                   Type           Power      Damage    Failure   Level
 Confusing Touch          Hex            40%        N/A       1%          3
 Tukima's Dance           Hex            Unusable   N/A       N/A         3

Dungeon Overview and Level Annotations

Branches:
Dungeon (1/1)

Altars:
Cheibriados
Dithmenos
Elyvilon
Fedhas
Gozag
Hepliaklqana
Kikubaaqudgha
Makhleb
Nemelex Xobeh
Okawaru
Qazlal
Ru
Sif Muna
Trog
Uskayaw
Vehumet
Wu Jian
Xom
Yredelemnul
Zin
The Shining One
Jiyva
Lugonu

Shops:
D *[*?:??!:*[**(![*


Innate Abilities, Weirdness & Mutations

Your serpentine skin is tough. (AC +3)
You have supernaturally acute eyesight. (SInv)
Armour fits poorly on your strangely shaped body.
Your system is resistant to poisons. (rPois)
You cover ground very slowly.
You can spit poison.
You have a snake-like lower body.


Message History

You are mesmerised by the merfolk siren!
You hear an angry buzzing noise.
The merfolk siren shouts!
You cannot move away from the merfolk siren!
The hellwing gives a chilling moan.
The merfolk siren chants a haunting song.
The merfolk siren chants its luring song.
As you read the scroll of fog, it crumbles to dust.
The scroll dissolves into smoke.
The hellwing swoops through the air toward you!
The hellwing hits you but does no damage.
The hellwing closely misses you.
The merfolk siren chants its luring song. x2
A hornet comes into view.
You hear an angry buzzing noise.
The hornet buzzes angrily.
You hit the hellwing but do no damage.
The merfolk siren chants its luring song.
The hellwing hits you.
The hellwing hits you but does no damage.
The deep elf annihilator gestures at you while chanting.
The crystal spear hits you!!!
Okay, then.
You aren't carrying any items that you can evoke.
Okay, then.
You gain the combat prowess of a mighty hero.
The hellwing barely misses you. x2
The merfolk siren chants its luring song. x2
You hear an angry buzzing noise.
You aren't carrying any items that you can evoke.
Okay, then.
Okay, then.
Unknown command.
Okay, then.
You aren't carrying any items that you can evoke.
You hit the hellwing but do no damage.
The merfolk siren chants its luring song.
The deep elf annihilator gestures at you while chanting.
The crystal spear hits you!!!!
Ouch! That really hurt!
You die...

#######################**********
§§§÷'÷§§§÷§§†.#..'§..§#,,,,,,,,,*
§####§÷.§§##..'§§#§§..#*,,,,,,,,*
.#,*##.§§#######4#$§!§$#****,,,,*
.#+*,###§#)[)##§@#$$§$§#,,,*,,,,*
##,,,*,#.##$$$#§§##$$§$#,∩,*,,,,*
,*,,,**#..###$#..≈###+##,,,*,,,,*
,+,,,,,##.#A#$#..me=*,****+*,,,,*
.*,,,,,#..###$#..≈.##+*,,,,**,,,*
°#**++*#.##..$#.y≈##,,,,,,,,**,,*
##*,,**#..#+###m.≈#,,,,,,,,,,*,,*
#***,,*##...#,≈..##,,,,,,,,,,**,*
*,,*,,*,###.#,≈,,*,,,,,,,,,,,,*,*


You could see a deep elf annihilator, a hellwing, 2 merfolk sirens and a hornet.

Vanquished Creatures
  A hydra (D)
  2 centaur warriors (D)
  Sonja (D)
  A deep troll (D)
  A lindwurm (D)
  An oklob plant (D)
  7 unseen horrors (D)
  2 demonic crawlers (D)
  2 kobold demonologists (D)
  A hornet (D)
  A slime creature (D)
  A yak (D)
  Sigmund (D)
  13 hogs (D)
  2 redbacks (D)
  3 floating eyes (D)
  An ogre (D)
  7 necrophages (D)
  8 jellies (D)
  Ijyb (D)
57 creatures vanquished.

Vanquished Creatures (others)
  2 ballistomycete spores (D)
2 creatures vanquished.

Grand Total: 59 creatures vanquished

Notes
Turn   | Place    | Note
-------+----------+-------------------------------------------
     0 | D        | jt the Naga Enchanter began the quest for the Orb.
     0 | D        | Reached XP level 1. HP: 15/15 MP: 3/3
     3 | D        | Noticed Ijyb
     8 | D        | Paralysed by Ijyb for 2 turns
    11 | D        | Noticed an ogre
    14 | D        | Killed an ogre
    15 | D        | Reached skill level 13 in Stealth
    15 | D        | Reached XP level 2. HP: 7/22 MP: 5/5
    15 | D        | Reached XP level 3. HP: 9/28 MP: 6/6
    15 | D        | Reached XP level 4. HP: 11/36 MP: 7/7
    15 | D        | Killed Ijyb
    16 | D        | Reached skill level 1 in Fighting
    16 | D        | Reached skill level 1 in Evocations
   228 | D        | Noticed Sigmund
   230 | D        | Killed Sigmund
   231 | D        | Reached skill level 14 in Stealth
   231 | D        | Reached XP level 5. HP: 50/50 MP: 8/8
   231 | D        | Reached XP level 6. HP: 57/57 MP: 9/9
   243 | D        | Found a shimmering blue altar of Sif Muna.
   244 | D        | Found an ornate altar of the Wu Jian Council.
   245 | D        | Found a radiant altar of Vehumet.
   250 | D        | Reached skill level 15 in Stealth
   253 | D        | Learned a level 2 spell: Ensorcelled Hibernation
   281 | D        | Found Tiase's Antique Armour Emporium.
   281 | D        | Found an ancient bone altar of Kikubaaqudgha.
   281 | D        | Found a hazy altar of Hepliaklqana.
   281 | D        | Found a hide-covered altar of Uskayaw.
   281 | D        | Found a basalt altar of Yredelemnul.
   281 | D        | Found an opulent altar of Gozag.
   281 | D        | Found a snail-covered altar of Cheibriados.
   281 | D        | Found a sacrificial altar of Ru.
   281 | D        | Found a shadowy altar of Dithmenos.
   281 | D        | Noticed a yak
   282 | D        | Found a stormy altar of Qazlal.
   282 | D        | Found a blossoming altar of Fedhas.
   282 | D        | Found a bloodstained altar of Trog.
   282 | D        | Found an iron altar of Okawaru.
   282 | D        | Found a glowing golden altar of the Shining One.
   282 | D        | Found a glowing silver altar of Zin.
   282 | D        | Found a white marble altar of Elyvilon.
   283 | D        | Killed a yak
   284 | D        | Reached skill level 5 in Evocations
   284 | D        | Reached XP level 7. HP: 63/63 MP: 9/12
   284 | D        | Found a sparkling altar of Nemelex Xobeh.
   288 | D        | Bought a glowing cloak for 210 gold pieces
   294 | D        | Became a worshipper of Warmaster Okawaru
   301 | D        | Noticed Sonja
   305 | D        | Killed Sonja
   305 | D        | Reached * piety under Okawaru
   306 | D        | Reached skill level 17 in Stealth
   306 | D        | Reached skill level 5 in Spellcasting
   306 | D        | Reached skill level 5 in Ice Magic
   306 | D        | Reached XP level 8. HP: 72/72 MP: 12/15
   321 | D        | Found Rotzomiz's General Store.
   329 | D        | Bought 3 poisoned darts for 15 gold pieces
   341 | D        | Noticed a deep troll
   355 | D        | Killed a deep troll
   355 | D        | Reached ** piety under Okawaru
   368 | D        | Found Onorann's Armour Emporium.
   679 | D        | Found a viscous altar of Jiyva.
   679 | D        | Found a corrupted altar of Lugonu.
   679 | D        | Noticed a slime creature
   680 | D        | Found a burning altar of Makhleb.
   680 | D        | Found a shimmering altar of Xom.
   682 | D        | Killed a slime creature
   683 | D        | Reached XP level 9. HP: 78/78 MP: 15/18
   696 | D        | Noticed a kobold demonologist
   697 | D        | Noticed a kobold demonologist
   699 | D        | Killed a kobold demonologist
   700 | D        | Reached skill level 18 in Stealth
   700 | D        | Reached skill level 1 in Invocations
   700 | D        | Reached *** piety under Okawaru
   702 | D        | Killed a kobold demonologist
   725 | D        | Noticed a centaur warrior
   730 | D        | Noticed a centaur warrior
   739 | D        | Killed a centaur warrior
   739 | D        | Received a gift from Okawaru
   740 | D        | Reached skill level 5 in Throwing
   752 | D        | Killed a centaur warrior
   752 | D        | Reached **** piety under Okawaru
   753 | D        | Reached skill level 19 in Stealth
   753 | D        | Reached skill level 5 in Invocations
   753 | D        | Reached XP level 10. HP: 85/85 MP: 20/22
   847 | D        | Paralysed by a hornet for 2 turns
  1044 | D        | Noticed an oklob plant
  1046 | D        | Killed an oklob plant
  1058 | D        | Reached ***** piety under Okawaru
  1322 | D        | Paralysed by a floating eye for 4 turns
  1335 | D        | Noticed an unseen horror
  1336 | D        | Noticed an unseen horror
  1342 | D        | Killed an unseen horror
  1344 | D        | Killed an unseen horror
  1344 | D        | Received a gift from Okawaru
  1360 | D        | Reached skill level 20 in Stealth
  1793 | D        | Reached skill level 10 in Hexes
  1809 | D        | Learned a level 3 spell: Dazzling Flash
  1823 | D        | Received a gift from Okawaru
  2071 | D        | Found Izamyte's Magic Scroll Shoppe.
  2071 | D        | Found Vautt's Weapon Boutique.
  2072 | D        | Found Ipethyff's Book Boutique.
  2072 | D        | Found Gaonn's Distillery.
  2073 | D        | Found Zelav's Assorted Antiques.
  2075 | D        | Found Atehaton's Assorted Antiques.
  2098 | D        | Found Muonedod's Magic Scroll Emporium.
  2098 | D        | Found Muul's Magic Scroll Shop.
  2098 | D        | Found Jeitravosu's Distillery.
  2098 | D        | Found Sulilekh's Book Boutique.
  2098 | D        | Found Kazuecy's Assorted Antiques.
  2098 | D        | Found Coete's Armour Shop.
  2098 | D        | Found Beodazy's Assorted Antiques.
  2099 | D        | Bought a scroll of identify for 20 gold pieces
  2100 | D        | Bought a scroll labelled HAOGUU HERUAFO for 21 gold pieces
  2100 | D        | Bought a scroll labelled IVYOPS ZOUSIMP for 21 gold pieces
  2100 | D        | Bought a scroll labelled IVYOPS ZOUSIMP for 21 gold pieces
  2100 | D        | Bought a fine short sword for 168 gold pieces
  2100 | D        | Identified the +6 short sword of the Mouth {drain, rF+ rN+
                  | rCorr} (You bought it in a shop in the Dungeon)
  2103 | D        | Bought a ruby potion for 18 gold pieces
  2104 | D        | Found Paophyxo's Assorted Antiques.
  2109 | D        | Bought a fuming inky potion for 24 gold pieces
  2111 | D        | Bought a scroll labelled HOONTO VUGA for 26 gold pieces
  2111 | D        | Bought a scroll labelled QEWOMP HIQOL for 26 gold pieces
  2112 | D        | Bought a scroll labelled ATSOXO XAARA for 26 gold pieces
  2112 | D        | Bought a scroll labelled SIHAMP TYOLLUX for 26 gold pieces
  2112 | D        | Bought a scroll labelled QYIXEY LUUHINA for 26 gold pieces
  2115 | D        | Bought a potion of heal wounds for 50 gold pieces
  2115 | D        | Bought a potion of curing for 30 gold pieces
  2115 | D        | Bought a potion of haste for 100 gold pieces
  2117 | D        | Bought a brown potion for 24 gold pieces
  2127 | D        | Bought a scroll of enchant armour for 75 gold pieces
  2127 | D        | Bought a scroll of fog for 20 gold pieces
  2127 | D        | Bought a scroll of fear for 35 gold pieces
  2127 | D        | Bought a scroll of vulnerability for 75 gold pieces
  2131 | D        | Bought a scroll of blinking for 90 gold pieces
  2131 | D        | Bought a scroll of blinking for 90 gold pieces
  2131 | D        | Bought a scroll of immolation for 42 gold pieces
  2138 | D        | Bought a marble ring for 130 gold pieces
  2148 | D        | Bought a potion of degeneration for 10 gold pieces
  2161 | D        | Bought a scroll of identify for 20 gold pieces
  2161 | D        | Bought a scroll of identify for 20 gold pieces
  2161 | D        | Bought a scroll of identify for 20 gold pieces
  2165 | D        | Bought a scroll of identify for 20 gold pieces
  2165 | D        | Bought a scroll of identify for 20 gold pieces
  2196 | D        | Bought a potion of invisibility for 104 gold pieces
  2196 | D        | Bought a potion of berserk rage for 65 gold pieces
  2241 | D        | Noticed a demonic crawler
  2241 | D        | Noticed a demonic crawler
  2241 | D        | Noticed a demonic crawler
  2241 | D        | Noticed a demonic crawler
  2243 | D        | Killed a demonic crawler
  2246 | D        | Noticed a gargoyle
  2258 | D        | Killed a demonic crawler
  2258 | D        | HP: 6/127 [demonic crawler (6)]
  2701 | D        | Noticed a lindwurm
  2705 | D        | Killed a lindwurm
  2706 | D        | Reached XP level 11. HP: 91/91 MP: 24/24
  2714 | D        | Reached skill level 5 in Short Blades
  2717 | D        | Reached skill level 10 in Ice Magic
  2725 | D        | Reached skill level 21 in Stealth
  2725 | D        | Received a gift from Okawaru
  2729 | D        | Reached skill level 10 in Spellcasting
  2739 | D        | Noticed a daeva
  2754 | D        | Identified the +1 ring mail "Rucaaz" {Fly rCorr Str+3
                  | Int-5} (Okawaru gifted it to you in the Dungeon)
  2754 | D        | Received a gift from Okawaru
  3099 | D        | Noticed a 12-headed hydra
  3101 | D        | Killed a 12-headed hydra
  3102 | D        | Reached skill level 5 in Fighting
  3132 | D        | Noticed a deep elf annihilator
  3138 | D        | Killed from afar by a deep elf annihilator

Illustrated notes

Levels and vault maps discovered:
D:        dungeon_sprint_1 [red_sonja_temple_1, red_sonja_temple_small_1]

Skill      XL: |  1  2  3  4  5  6  7  8  9 10 11 |
---------------+----------------------------------+-----
Stealth        | 13 14 15 17 19 20 21 | 21.8
Fighting       | 3 5 |  5.4
Dodging        | 3 4 |  4.9
Evocations     | 3 5 7 |  7.7
Short Blades   | 4 7 |  7.1
Spellcasting   | 3 5 6 8 9 10 | 10.0
Hexes          | 4 6 7 8 10 11 | 11.0
Ice Magic      | 2 5 6 8 9 10 | 10.5
Throwing       | 3 5 6 |  6.0
Invocations    | 5 7 9 |  9.7

Action                   |  1- 3 |  4- 6 |  7- 9 | 10-12 || total
-------------------------+-------+-------+-------+-------++-------
Melee: Dagger            |     6 |     4 |    28 |   143 ||   181
       Short sword       |       |       |       |    42 ||    42
       Punch             |       |       |       |     2 ||     2
Throw: Dart              |       |       |     2 |     5 ||     7
       Javelin           |       |       |       |    10 ||    10
       Boomerang         |       |       |       |    10 ||    10
 Cast: Ensorcelled Hiber |       |       |       |     7 ||     7
Invok: Heroism           |       |       |     2 |     3 ||     5
 Abil: Spit Poison       |       |       |     2 |     3 ||     5
Evoke: Wand              |       |       |     5 |     4 ||     9
  Use: Potion            |     1 |       |     4 |     7 ||    12
       Scroll            |       |       |     1 |    11 ||    12
 Stab: Sleeping          |     2 |     3 |     5 |    25 ||    35
       Invisible         |     1 |     1 |       |       ||     2
       Paralysed         |       |       |     1 |     1 ||     2
Armor: Robe              |       |       |     1 |    41 ||    42
       Skin              |       |       |    35 |       ||    35
Dodge: Dodged            |     3 |       |     4 |    78 ||    85

Table legend: (Time is in decaauts)
 A = Elapsed time spent in this place.
 B = Non-inter-level travel time spent in this place.
 C = Inter-level travel time spent in this place.
 D = Time resting spent in this place.
 E = Time spent auto-exploring this place.
 F = Levels seen in this place.
 G = Mean time per level.
                   A        B        C        D        E       F      G
               +--------+--------+--------+--------+--------+-----+--------+
         Total |   3377 |   3152 |    225 |   1986 |      0 |   1 | 3377.0 |
       Dungeon |   3377 |   3152 |    225 |   1986 |      0 |   1 | 3377.0 |
               +--------+--------+--------+--------+--------+-----+--------+

Top non-repeatable levels by time:
       D: 3377 daAuts
